 Dungeon Crawl Stone Soup version 0.32-a0-163-g159c032296 (webtiles) character file.

Game seed: 4881216775346986672

12 zeratav the Ruffian (level 2, 0/18 HPs)
             Began as an Octopode Shapeshifter on Feb 11, 2024.
             Slain by a goblin
             ... wielding a +0 dagger
              (4 damage)
             ... on level 1 of the Dungeon.
             The game lasted 00:00:25 (204 turns).

zeratav the Ruffian (Octopode Shapeshifter)          Turns: 204, Time: 00:00:26

Health: 0/18       AC:  1    Str: 13    XL:     2   Next: 33%
Magic:  2/2        EV: 13    Int: 12    God:
Gold:   24         SH:  0    Dex: 11    Spells: 1/1 levels left

rFire   . .          .
                       - Unarmed
rCold   . . .        (no shield)
rNeg    . . .        (helmet currently unavailable)
rPois   .            (no amulet)
rElec   .            (no ring)
rCorr   .            (no ring)
SInv    .            (no ring)
Will    .....        (no ring)
Stlth   +++          (no ring)
HPRegen 0.23/turn    (no ring)
MPRegen 0.08/turn    (no ring)
                     (no ring)

%: no passive effects
@: beast-form, studying Summonings
A: beast (slay +1), almost no armour, amphibious, 8 rings, camouflage 1,
gelatinous body 1, (nimble swimmer 1), tentacles
a: Begin Untransformation


You were on level 1 of the Dungeon.
You were a hulking beast.
You visited 1 branch of the dungeon, and saw 1 of its levels.

You collected 24 gold pieces.


Innate Abilities, Weirdness & Mutations

You are a hulking beast.
Your limbs bulge with bestial killing power. (Slay +1)
You cannot wear most types of armour.
You are amphibious.
You can wear up to eight rings at the same time.
Your skin changes colour to match your surroundings (Stealth+).
Your rubbery body absorbs attacks. (AC +1, EV +1)
((You are camouflaged when in or above water. (Stealth+)))
You have tentacles for arms and can constrict up to eight enemies at once.


   Skills:
 - Level 1.0 Fighting
 - Level 2.0 Dodging
 + Level 2.9 Stealth
 - Level 3.0 Unarmed Combat
 - Level 3.0 Shapeshifting


You had one spell level left.
You didn't know any spells.
Your spell library was empty.

Inventory:

Talismans
 b - a beast talisman
 c - a flux talisman
Scrolls
 d - a scroll of fog {unknown}
Potions
 a - a potion of lignification {!q}
 e - a potion of magic {unknown}

Dungeon Overview and Level Annotations

Branches:
Dungeon (1/15) Zot: 5796

Altars:

.. ##..## ##........ . ...
#..# ##......... .
....###..###..†..>....
#..........#.#####.. .
#..........#.# . .
...###..###...# # # #..#
##..# # #. ##..## ##.# .
#. ##....####h# ...
..#..##..##..##.g####.....
#!................)g.J....
#..#.#####.#..............
.. #................ ..#
###.............. #
#.........#....
#.#.......###.#
#.........# #


You could see a goblin.


Message History

An endoplasm comes into view.
An endoplasm is nearby!
The helpless endoplasm fails to defend itself.
You tentacle-slap the endoplasm. The endoplasm hits you.
HP[-2]
You take 2 damage, and now have 11/13 hp.
You tentacle-slap the endoplasm. You squeeze the endoplasm.
You kill the endoplasm!
You have reached level 2!
HP[+5] MP[+1]
You now have 18 max hp (+5).
You regained 5 hp, and now have 16/18 hp.
Your mp is fully restored (2).
You pick up a manual of Summonings {!d} and begin studying.
HP[+2]
Your hp is fully restored (18).
You now have 24 gold pieces (gained 14).
A goblin comes into view. It is wielding a +0 dagger.
The goblin shouts!
A quokka comes into view.
There are monsters nearby!
There are monsters nearby!
A ball python comes into view.
The ball python hisses angrily.
The goblin hits you with a +0 dagger.
HP[-1]
You take 1 damage, and now have 17/18 hp.
You tentacle-slap the goblin. You grab the goblin. You constrict the goblin.
You kill the goblin!
A goblin comes into view. It is wielding a +0 dagger.
A bat comes into view.
The quokka bites you. The ball python closely misses you.
The ball python barely misses you.
You see here a +0 dagger {short}.
HP[-2]
You take 2 damage, and now have 15/18 hp.
The goblin shouts!
You tentacle-slap the quokka but do no damage.
You grab the quokka. You constrict the quokka. The quokka closely misses you.
The ball python bites you. The ball python grabs you.
The ball python constricts you.
An endoplasm comes into view.
The quokka bites you.
HP[-4]
You take 4 damage, and now have 11/18 hp.
MASSIVE DAMAGE!! (PAUSE)
You closely miss the ball python.
The endoplasm quivers.
You grab the ball python. Your squeeze misses the ball python.
You constrict the quokka. You constrict the ball python.
The ball python bites you but does no damage.
The ball python constricts you. The quokka bites you.
* * * LOW HITPOINT WARNING * * *
HP[-4]
You take 4 damage, and now have 7/18 hp.
MASSIVE DAMAGE!! (PAUSE)
You are too injured to fight recklessly!
You are too injured to fight recklessly!
You are too injured to fight recklessly!
You are too injured to fight recklessly!
You are too injured to fight recklessly!
You are too injured to fight recklessly!
You are too injured to fight recklessly!
You are too injured to fight recklessly!
You are too injured to fight recklessly!
You are too injured to fight recklessly!
You are too injured to fight recklessly!
You are too injured to fight recklessly!
You are too injured to fight recklessly!
You are too injured to fight recklessly!
You are too injured to fight recklessly!
You are too injured to fight recklessly!
You tentacle-slap the quokka but do no damage.
You constrict the quokka.
You kill the quokka!
You constrict the ball python. The bat hits you.
* * * LOW HITPOINT WARNING * * *
The ball python closely misses you. The ball python constricts you.
* * * LOW HITPOINT WARNING * * *
The ball python barely misses you. The ball python constricts you.
* * * LOW HITPOINT WARNING * * *
HP[-2]
You take 2 damage, and now have 5/18 hp.
You escape the ball python's grasp.
You release your grip on the ball python.
The bat barely misses you.
The ball python attacks as it pursues you!
The ball python bites you.
* * * LOW HITPOINT WARNING * * *
The ball python closely misses you.
HP[-1]
You take 1 damage, and now have 4/18 hp.
You bludgeon the ball python!
You kill the ball python!
The bat closely misses you.
You closely miss the bat. You grab the bat. You squeeze the bat.
You constrict the bat.
You kill the bat!
The goblin hits you with a +0 dagger.
You die...

Skill      XL: |  1 |
---------------+----+-----
Stealth        | 2 |  2.9
Fighting       | |  1.0
Dodging        | |  2.0
Unarmed Combat | |  3.0
Shapeshifting  | |  3.0

Action                     || total
---------------------------++-------
  Melee: Unarmed           ||    17
         Constrict         ||     6
         Tentacles         ||     2
   Stab: Sleeping          ||     2
 Armour: Skin              ||    13
  Dodge: Dodged            ||    13

Levels and vault maps discovered:
D:1:      minmay_arrival_diagonal_passages, layout_loops_cross,
          shapermc_ecumenical_altar_mp_vishouse, palyth_stone_intersect,
          serial_park_tiny_1

Notes
Turn   | Place    | Note
-------+----------+-------------------------------------------
     0 | D:1      | zeratav the Octopode Shapeshifter began the quest for the
                  | Orb.
     0 | D:1      | Reached XP level 1. HP: 13/13 MP: 1/1
     0 | D:1      | magus.rc [v1.9.6]
    61 | D:1      | Reached skill level 1 in Stealth
   152 | D:1      | Reached skill level 2 in Stealth
   173 | D:1      | Reached XP level 2. HP: 16/18 MP: 2/2
   201 | D:1      | HP: 4/18 [ball python (2)]
   204 | D:1      | Slain by a goblin

Vanquished Creatures
  A bat (D:1)
  An endoplasm (D:1)
  A giant cockroach (D:1)
  A goblin (D:1)
  A quokka (D:1)
  3 ball pythons (D:1)
  2 frilled lizards (D:1)
  A rat (D:1)
11 creatures vanquished.

Table legend:
 A = Non-vault XP
 B = Vault XP
 C = Vault XP percentage of total XP
 D = Non-vault monster count
 E = Vault monster count
 F = Vault count percentage of total count
                 A         B        C        D         E       F
            +---------+---------+-------+---------+---------+-------
      Total |      18 |       0 |   0.0 |      11 |       0 |   0.0
            +---------+---------+-------+---------+---------+-------
        D:1 |      18 |       0 |   0.0 |      11 |       0 |   0.0
            +---------+---------+-------+---------+---------+-------

Skill      XL: |  1 |
---------------+----+-----
Stealth        | 2 |  2.9
Fighting       | |  1.0
Dodging        | |  2.0
Unarmed Combat | |  3.0
Shapeshifting  | |  3.0

Action                     || total
---------------------------++-------
  Melee: Unarmed           ||    17
         Constrict         ||     6
         Tentacles         ||     2
   Stab: Sleeping          ||     2
 Armour: Skin              ||    13
  Dodge: Dodged            ||    13

Illustrated notes

Table legend:
 A = Kills in this place as a percentage of kills in the entire game.
 B = Kills by you in this place as a percentage of kills by you in the entire game.
 C = Kills by friends in this place as a percentage of kills by friends in the entire game.
 D = Other kills in this place as a percentage of other kills in the entire game.
 E = Experience gained in this place as a percentage of experience gained in the entire game.
 F = Experience gained in this place divided by the number of levels of this place that you have seen.
                   A       B       C       D       E      F
               +-------+-------+-------+-------+-------+----------------------
         Total | 100.0 | 100.0 |   N/A |   N/A | 100.0 |  18.0
       Dungeon | 100.0 | 100.0 |   N/A |   N/A | 100.0 |  18.0
               +-------+-------+-------+-------+-------+----------------------

Table legend: (Time is in decaauts)
 A = Elapsed time spent in this place.
 B = Non-inter-level travel time spent in this place.
 C = Inter-level travel time spent in this place.
 D = Time resting spent in this place.
 E = Time spent auto-exploring this place.
 F = Levels seen in this place.
 G = Mean time per level.
                   A        B        C        D        E       F      G
               +--------+--------+--------+--------+--------+-----+--------+
         Total |    202 |    202 |      0 |      0 |    134 |   1 |  202.0 |
       Dungeon |    202 |    202 |      0 |      0 |    134 |   1 |  202.0 |
               +--------+--------+--------+--------+--------+-----+--------+

Top non-repeatable levels by time:
     D:1: 202 daAuts
